 Dungeon Crawl Stone Soup version 0.27-a0-1184-ge86db4a01e (webtiles) character file.

Game seed: 10762462902736704738

3132 Shayle the Fighter (level 9, -12/76 HPs)
             Began as a Demonspawn Monk on May 18, 2021.
             Mangled by a gnoll sergeant
             ... wielding a +0 halberd
              (17 damage)
             ... in a bailey.
             The game lasted 00:24:48 (10014 turns).

Shayle the Fighter (Demonspawn Monk)               Turns: 10014, Time: 00:24:49

Health: -12/76     AC:  5    Str: 11    XL:     9   Next: 61%
Magic:  9/9        EV: 13    Int: 18    God:
Gold:   358        SH: 10    Dex: 19    Spells: 8/8 levels left

rFire    . . .     SeeInvis .   l - +0 trident
rCold    + . .     Faith    .   s - +0 buckler
rNeg     . . .     Spirit   .   b - +0 robe
rPois    .         Reflect  +   (helmet restricted)
rElec    .         Harm     .   i - +2 cloak
rCorr    .         Rampage  .   (no gloves)
Will     .....     Rnd*Rage +   (no boots)
Stlth    ++........             o - amulet of reflection
HPRegen  0.22/turn              c - +6 ring of intelligence
MPRegen  0.11/turn              g - ring of wizardry

@: no status effects
A: antennae 2, claws 1, hooves 1, ignite blood 2, berserk 1, cold resistance 1
a: no special abilities


You were in a bailey.
You visited 2 branches of the dungeon, and saw 9 of its levels.
You also visited: Bailey.

You collected 358 gold pieces.

Inventory:

Hand Weapons
 a - a +0 spear
 l - a +0 trident (weapon)
Missiles
 k - 2 javelins (quivered)
 D - a throwing net
Armour
 b - a +0 robe (worn)
 i - a +2 cloak (worn)
 s - a +0 buckler (worn)
 v - the +0 robe of Darkness {Str+4}
   (You found it on level 7 of the Dungeon)

   It affects your strength (+4).
 y - a +1 cloak
Jewellery
 c - a +6 ring of intelligence (left claw)
 e - an amulet of magic regeneration
 g - a ring of wizardry (right claw)
 h - an amulet of the acrobat
 n - a ring of ice
 o - an amulet of reflection (around neck)
 z - a ring of fire
 C - an amulet of regeneration
Wands
 j - a wand of flame (3)
 u - a wand of paralysis (3)
Scrolls
 p - 9 scrolls of identify
 q - 2 scrolls of amnesia
 w - 2 scrolls of teleportation
Potions
 d - 5 potions of haste
 f - a potion of attraction
 m - a potion of magic
 r - a potion of mutation
 t - a potion of cancellation


   Skills:
 + Level 9.2 Fighting
 + Level 8.5 Polearms
 - Level 2.6 Dodging
 - Level 1.7 Stealth
 + Level 3.4 Shields
 + Level 3.6 Evocations


You had 8 spell levels left.
You didn't know any spells.
Your spell library contained the following spells:

 Spells                   Type           Power      Damage    Failure   Level
 Animate Skeleton         Necr           0%         N/A       10%         1
 Freeze                   Ice            0%         1d3       10%         1
 Pain                     Necr           0%         1d4       10%         1
 Frozen Ramparts          Ice            0%         1d2       26%         3
 Ozocubu's Armour         Ice            0%         N/A       26%         3
 Vampiric Draining        Necr           0%         2d6       26%         3
 Animate Dead             Necr           0%         N/A       65%         4
 Hailstorm                Conj/Ice       0%         3d3       65%         4
 Summon Lightning Spire   Summ/Air       0%         N/A       65%         4
 Agony                    Necr           0%         N/A       92%         5
 Metabolic Englaciation   Hex/Ice        0%         N/A       92%         5
 Silence                  Hex/Air        0%         N/A       92%         5
 Conjure Ball Lightning   Conj/Air       0%         3x3d6     100%        6
 Tornado                  Air            0%         N/A       100%        9


Dungeon Overview and Level Annotations

Branches:
Dungeon (8/15)             Temple (1/1) D:6          Bailey (1/1)
   Lair: D:8-11

Altars:
Ashenzari
Cheibriados
Dithmenos
Elyvilon
Fedhas
Gozag
Hepliaklqana
Kikubaaqudgha
Makhleb
Nemelex Xobeh
Okawaru
Ru
Sif Muna
Trog
Uskayaw
Vehumet
Wu Jian
Xom
Yredelemnul
Zin
The Shining One

Shops:
D:3 :   D:7 =


Innate Abilities, Weirdness & Mutations

You have a pair of antennae on your head.
You have sharp fingernails.
You have large cloven feet.
Your demonic aura often causes spilled blood to erupt in flames.
You tend to lose your temper in combat.
Your flesh is cold resistant. (rC+)


Message History

You kick the gnoll sergeant, but do no damage.
The gnoll closely misses you. You block the gnoll sergeant's attack.
The gnoll sergeant misses you.
The gnoll hits you from afar with a +0 spear.
* * * LOW HITPOINT WARNING * * *
Unknown command.
You hit the gnoll sergeant.
You kick the gnoll sergeant, but do no damage.
The gnoll sergeant is lightly wounded.
You block the gnoll's attack. You block the gnoll sergeant's attack.
The gnoll sergeant is engulfed in blazing flames.
The gnoll sergeant closely misses you. The gnoll completely misses you.
Unknown command.
The gnoll hits you with a +0 trident!
* * * LOW HITPOINT WARNING * * *
You block the gnoll sergeant's attack.
The gnoll sergeant is engulfed in blazing flames.
The gnoll sergeant completely misses you.
The gnoll hits you with a +0 spear.
* * * LOW HITPOINT WARNING * * *
Things that are here:
a +0 spear; a +0 scale mail You hit the gnoll sergeant.
You kill the gnoll sergeant!
The gnoll sergeant seems to regain its courage.
The gnoll hits you with a +0 trident.
* * * LOW HITPOINT WARNING * * *
You block the gnoll sergeant's attack. You block the gnoll's attack.
Unknown command.
You closely miss the gnoll sergeant. You kick the gnoll sergeant.
The gnoll sergeant is lightly wounded.
The gnoll barely misses you. The gnoll sergeant barely misses you.
The gnoll barely misses you.
Unknown command.
You barely miss the gnoll sergeant.
You kick the gnoll sergeant, but do no damage.
The gnoll sergeant is lightly wounded.
You block the gnoll's attack.
The gnoll sergeant hits you with a +0 halberd!
You die...

♣≈ g...# ♣≈ .(.# ♣≈
g.# ♣≈ { {##'## ♣≈
{{ {{#.{.#{ ♣≈##
#g..# ♣≈.# #...#
♣≈.######'''######.
♣≈°@g...÷..........
♣≈≈gg.............≈
♣♣≈≈≈≈≈≈≈g..≈≈≈≈≈≈≈
♣♣...............♣
♣♣♣...........♣♣
♣♣♣♣.).....♣♣
♣♣.).♣♣♣♣ ♣♣.♣♣ ♣.♣


You could see a gnoll sergeant and 3 gnolls.

Vanquished Creatures
  A two-headed ogre (D:5)
  A yak (D:6)
  3 vampire mosquitoes (D:8)
  A water moccasin (D:8)
  An ice beast (D:7)
  A sky beast (D:6)
  A hornet zombie (D:5)
  A black bear (D:7)
  2 ogres
  A centaur (D:7)
  A phantom (D:6)
  A gnoll sergeant (Bailey)
  2 bullfrogs (D:6)
  A scorpion (D:5)
  A water moccasin zombie (D:6)
  A howler monkey (D:5)
  A bullfrog zombie (D:6)
  4 hounds
  2 gnoll shamans
  A bullfrog skeleton (D:5)
  A centaur skeleton (D:7)
  5 iguanas
  2 orc wizards
  Ijyb (D:5)
  2 killer bee zombies
  A hound skeleton (D:4)
  7 gnolls
  7 adders
  A howler monkey skeleton (D:4)
  A shadow imp (D:7)
  A white imp (D:6)
  2 ufetubi
  3 worms
  2 dart slugs
  24 orcs
  8 endoplasms
  4 giant cockroaches
  10 goblins
  9 hobgoblins
  4 jackals (D:1)
  5 kobolds
  3 quokkas
  7 ball pythons
  5 bats
  4 frilled lizards
  19 rats
166 creatures vanquished.

Notes
Turn   | Place    | Note
-------+----------+-------------------------------------------
     0 | D:1      | Shayle the Demonspawn Monk began the quest for the Orb.
     0 | D:1      | Reached XP level 1. HP: 18/18 MP: 1/1
     1 | D:1      | Noticed an electric eel
   273 | D:1      | Gained mutation: Your demonic aura sometimes causes spilled
                  | blood to erupt in flames. [demonic ancestry]
   273 | D:1      | Reached XP level 2. HP: 23/24 MP: 2/2
  1068 | D:2      | Reached XP level 3. HP: 28/29 MP: 3/3
  1168 | D:2      | Found a faded altar of an unknown god.
  1502 | D:2      | Reached skill level 4 in Fighting
  1601 | D:2      | Reached XP level 4. HP: 37/37 MP: 4/4
  2180 | D:3      | Found Ozannet's Book Shop.
  2627 | D:2      | Gained mutation: You have sharp fingernails. [demonic
                  | ancestry]
  2627 | D:2      | Reached XP level 5. HP: 21/43 MP: 5/5
  3555 | D:4      | Found a sacrificial altar of Ru.
  3862 | D:4      | Found an opulent altar of Gozag.
  4053 | D:4      | Reached skill level 5 in Fighting
  4979 | D:5      | Entered Level 5 of the Dungeon
  4993 | D:5      | Found a burning altar of Makhleb.
  5062 | D:5      | Gained mutation: Your demonic aura often causes spilled
                  | blood to erupt in flames. [demonic ancestry]
  5062 | D:5      | Reached XP level 6. HP: 51/51 MP: 6/6
  5106 | D:5      | Reached skill level 5 in Polearms
  5315 | D:5      | Noticed a two-headed ogre
  5323 | D:5      | HP: 2/51 [two-headed ogre/+0 giant club (10)]
  5324 | D:5      | Killed a two-headed ogre
  5325 | D:5      | Reached skill level 7 in Fighting
  5325 | D:5      | Gained mutation: You have a pair of small antennae on your
                  | head. [demonic ancestry]
  5325 | D:5      | Reached XP level 7. HP: 12/60 MP: 7/7
  5325 | D:5      | Gained mutation: You have a pair of antennae on your head.
                  | [demonic ancestry]
  5325 | D:5      | Reached XP level 8. HP: 14/67 MP: 8/8
  6203 | D:5      | Noticed Ijyb
  6211 | D:5      | Killed Ijyb
  6740 | D:6      | Reached skill level 8 in Fighting
  7065 | D:6      | Found a sparkling altar of Nemelex Xobeh.
  7383 | D:6      | Reached skill level 1 in Shields
  7383 | D:6      | Reached skill level 1 in Evocations
  7418 | D:6      | Gained mutation: You tend to lose your temper in combat.
                  | [potion of mutation]
  7418 | D:6      | Gained mutation: Your flesh is cold resistant. (rC+)
                  | [potion of mutation]
  7436 | D:6      | Gained mutation: You have large cloven feet. [demonic
                  | ancestry]
  7436 | D:6      | Reached XP level 9. HP: 38/75 MP: 9/9
  7668 | D:6      | Found a staircase to the Ecumenical Temple.
  7673 | Temple   | Entered the Ecumenical Temple
  8357 | D:7      | Found Jaurem's Jewellery Shop.
  8365 | D:7      | Found a basalt altar of Yredelemnul.
  8366 | D:7      | Found a shimmering altar of Xom.
  8368 | D:7      | Found an iron altar of Okawaru.
  8376 | D:7      | Found a blossoming altar of Fedhas.
  8377 | D:7      | Found an ancient bone altar of Kikubaaqudgha.
  8380 | D:7      | Found a broken altar of Ashenzari.
  8519 | D:7      | Identified the +0 robe of Darkness {Str+4}
  8916 | D:7      | Found a shimmering blue altar of Sif Muna.
  9424 | D:8      | Reached skill level 9 in Fighting
  9688 | D:8      | Found a flagged portal.
  9710 | Bailey   | Entered a bailey
 10014 | Bailey   | Mangled by a gnoll sergeant

Illustrated notes

Levels and vault maps discovered:
D:1:      arrival_aquarium_a, layout_basic, minmay_tromino_i2
D:2:      layout_rooms, hellmonk_ecumenical_altar_heavens_door,
          minmay_rat_gold_closets
D:3:      layout_basic, serial_shops, nicolae_shop_statue_plus,
          wander_ebering_terrifying_dragon_lair
D:4:      layout_loops_ring, old_standard_altar, general_overflow_altar,
          minmay_misc_feat_ornament
D:5:      layout_loops_ring, kennysheep_mini_moat, corexii_leaking_fountain,
          dk_noncrumbling_3, kennysheep_generic_room_11, uniq_ijyb
D:6:      layout_layer_cave, old_standard_altar, temple_doors_cd,
          minmay_misc_feat_hallway, minmay_fractal_squares_gapless_5
D:7:      layout_layer_cave, grunt_temple_overflow_open, lemuel_crystal_altar,
          serial_shops, shop_fountains, kennysheep_generic_room_3
D:8:      layout_loops_corners, serial_shops, nicolae_shop_trees,
          enter_bailey_3, uniq_maggie
Temple:   jpeg_temple_island
Bailey:   bailey_polearm_gnolls_kennysheep, bailey

Skill      XL: |  1  2  3  4  5  6  7  8  9 |
---------------+----------------------------+-----
Polearms       | 3 4 6 7 8 |  8.5
Fighting       | 4 5 7 8 9 |  9.2
Shields        | 1 3 |  3.4
Evocations     | 1 3 |  3.6
Dodging        | |  2.6
Stealth        | |  1.7

Action                   |  1- 3 |  4- 6 |  7- 9 || total
-------------------------+-------+-------+-------++-------
Melee: Spear             |   190 |   166 |       ||   356
       Trident           |       |   103 |   312 ||   415
       Kick              |       |       |    39 ||    39
Throw: Javelin           |       |     4 |    23 ||    27
       Throwing net      |       |     1 |       ||     1
Evoke: Wand              |       |       |    12 ||    12
  Use: Scroll            |     4 |     7 |     5 ||    16
       Potion            |       |     5 |     8 ||    13
 Stab: Sleeping          |     9 |     6 |     1 ||    16
       Distracted        |       |     1 |       ||     1
       Paralysed         |       |       |     8 ||     8
Armor: Robe              |    26 |    45 |    40 ||   111
       Skin              |       |       |     2 ||     2
Dodge: Dodged            |   112 |   157 |   131 ||   400
Block: Other             |       |    30 |    18 ||    48
       Buckler           |       |       |   107 ||   107
       Reflection        |       |       |     4 ||     4

Table legend: (Time is in decaauts)
 A = Elapsed time spent in this place.
 B = Non-inter-level travel time spent in this place.
 C = Inter-level travel time spent in this place.
 D = Time resting spent in this place.
 E = Time spent auto-exploring this place.
 F = Levels seen in this place.
 G = Mean time per level.
                   A        B        C        D        E       F      G
               +--------+--------+--------+--------+--------+-----+--------+
         Total |   9981 |   9732 |    249 |   1775 |   5599 |  10 |  998.1 |
       Dungeon |   9592 |   9378 |    214 |   1568 |   5568 |   8 | 1199.0 |
        Temple |     84 |     49 |     35 |      0 |     31 |   1 |   84.0 |
        Bailey |    303 |    303 |      0 |    207 |      0 |   1 |  303.0 |
               +--------+--------+--------+--------+--------+-----+--------+

Top non-repeatable levels by time:
     D:6: 1722 daAuts
     D:3: 1675 daAuts
     D:5: 1458 daAuts
     D:4: 1428 daAuts
     D:7: 1160 daAuts
     D:1: 1055 daAuts
     D:2: 778 daAuts
     D:8: 313 daAuts
  Bailey: 303 daAuts
  Temple: 84 daAuts
